 Dungeon Crawl Stone Soup version 0.30-a0-782-ge64f9170bb (webtiles) character file.

Game seed: 4158906164415684608

6022 holysushi the Grappler (level 10, -21/92 HPs)
             Began as a Troll Monk on Feb 19, 2023.
             Demolished by a white ugly thing (35 damage)
             ... on level 9 of the Dungeon.
             The game lasted 00:11:00 (6897 turns).

holysushi the Grappler (Troll Monk)                 Turns: 6897, Time: 00:11:00

Health: -21/92     AC: 15    Str: 23    XL:     10   Next: 56%
Magic:  9/9        EV:  7    Int: 12    God:
Gold:   208        SH:  0    Dex: 16    Spells: 9/9 levels left

rFire   . . .      SeeInvis .      - Unarmed
rCold   . . .      Faith    +    s - orb {light}
rNeg    . . .      Spirit   .    k - +0 shadow dragon scales
rPois   .          Reflect  .    (helmet restricted)
rElec   .          Harm     .    (no cloak)
rCorr   .          Rampage  .    (gloves unavailable)
Will    +....                    (boots unavailable)
Stlth   ++                       t - amulet of faith
HPRegen 1.15/turn                f - ring of willpower
MPRegen 0.11/turn                m - +6 ring of intelligence

@: about to teleport, glowing
A: large, unfitting armour, claws 3, regeneration 1, shaggy fur 1, tough skin 1,
thin skeletal structure 1, evolution 1
a: no special abilities


You were on level 9 of the Dungeon.
You visited 2 branches of the dungeon, and saw 10 of its levels.

You collected 502 gold pieces.
You spent 294 gold pieces at shops.

Inventory:

Hand Weapons
 w - the +6 short sword of Nofyel {speed, +Blink rC+ Int+3}
   (You found it on level 3 of the Dungeon)

   Int:       It affects your intelligence (+3).
   rC:        It protects you from cold.
   +Blink:    It lets you blink.
 y - the +3 dagger of Dissatisfaction {speed, Fragile rElec rF- rN+++}
   (You found it on level 5 of the Dungeon)

   rF:        It makes you vulnerable to fire.
   rElec:     It insulates you from electricity.
   rN:        It renders you almost immune to negative energy.
   Fragile:   It will be destroyed if unequipped.
Armour
 a - a +0 robe
 k - +0 shadow dragon scales (worn)
 n - +0 swamp dragon scales
 s - an orb of light (worn)
 E - +0 steam dragon scales
 F - the +1 cloak of the Monkey {rC+ rN+ Dex-2}
   (You bought it in a shop on level 8 of the Dungeon)

   Dex:       It affects your dexterity (-2).
   rC:        It protects you from cold.
   rN:        It protects you from negative energy.
 G - a scarf of harm
Jewellery
 f - a ring of willpower (left claw)
 m - a +6 ring of intelligence (right claw)
 t - an amulet of faith (around neck)
 H - an amulet of magic regeneration
Wands
 p - a wand of polymorph (5)
 v - a wand of flame (29)
 A - a wand of light (1)
 J - a wand of mindburst (15)
Scrolls
 c - 6 scrolls of teleportation
 d - 2 scrolls of torment
 e - 3 scrolls of poison {unknown}
 g - a scroll of enchant weapon {unknown}
 h - a scroll of blinking
 j - a scroll of magic mapping
 l - 2 scrolls of immolation {unknown}
 r - a scroll of vulnerability {unknown}
 x - 2 scrolls of brand weapon {unknown}
 B - 2 scrolls of fear {unknown}
 C - a scroll of amnesia {unknown}
 D - 2 scrolls of fog {unknown}
 K - a scroll of noise {unknown}
 M - a scroll of summoning {unknown}
 N - a scroll of identify
Potions
 b - 3 potions of ambrosia
 i - a potion of attraction
 o - 2 potions of heal wounds
 q - 3 potions of curing
 u - a potion of resistance
 z - 2 potions of haste
 I - a potion of might
 L - a potion of magic {unknown}


   Skills:
 - Level 4.0 Fighting
 - Level 4.0 Armour
 - Level 3.0 Dodging
 - Level 1.0 Stealth
 + Level 14.6 Unarmed Combat


You had 9 spell levels left.
You didn't know any spells.
Your spell library contained the following spells:

 Spells                   Type           Power      Damage    Failure   Level
 Sting                    Tmut/Pois      0%         1d3       94%         1
 Poisonous Vapours        Pois/Air       0%         N/A       98%         2
 Sublimation of Blood     Necr           0%         N/A       98%         2
 Call Canine Familiar     Summ           0%         N/A       100%        3
 Portal Projectile        Hex/Tloc       0%         N/A       100%        3
 Leda's Liquefaction      Hex/Erth       0%         N/A       100%        4
 Olgreb's Toxic Radiance  Pois           0%         N/A       100%        4
 Petrify                  Tmut/Erth      0%         N/A       100%        4
 Irradiate                Conj/Tmut      0%         3d11      100%        5


Dungeon Overview and Level Annotations

Branches:
Dungeon (9/15) Zot: 25458  Temple (1/1) D:4 Zot: 5812
   Lair: D:8-11         Orc: D:9-12

Altars:
Ashenzari
Cheibriados
Dithmenos
Elyvilon
Fedhas
Gozag
Hepliaklqana
Kikubaaqudgha
Makhleb
Nemelex Xobeh
Okawaru
Qazlal
Ru
Sif Muna
Trog
Uskayaw
Vehumet
Wu Jian
Xom
Yredelemnul
Zin
The Shining One

Shops:
D:8 *?:[

Annotations:
D:5 2 transporters, souper's ghost, novice DsHu


Innate Abilities, Weirdness & Mutations

You are too large for most types of armour.
You have claws for hands.
Your natural rate of healing is unusually fast.
You are covered in fur. (AC +1)
You have tough skin. (AC +1)
You have a somewhat thin skeletal structure. (Dex +2, Stealth+)
You have hidden genetic potential.


Message History

You see here a bullfrog corpse.
No target in view!
No target in view!
o - 2 potions of heal wounds (gained 1) As you open the large door, it creaks loudly!
You hear two shouts!
You hear a horrible gurgling sound!
A bullfrog comes into view.
A shadow comes into view.
Found an inky potion.
There are monsters nearby!
There are monsters nearby!
There are monsters nearby!
Found a plate armour and a leather armour.
A two-headed ogre comes into view.
It is wielding a +0 giant club and a +0 giant spiked club.
A white ugly thing comes into view.
There is a large open door here.
You claw the two-headed ogre!
The two-headed ogre is moderately wounded.
The two-headed ogre hits you with a +0 giant club!!
The two-headed ogre hits you with a +0 giant spiked club!!
The shadow slips into darkness.
The shadow flickers and vanishes!
Deactivating autopickup; reactivate with Ctrl-A.
You scratch the two-headed ogre but do no damage.
The two-headed ogre is moderately wounded.
The white ugly thing barely misses you.
As you read the scroll of teleportation, it crumbles to dust.
You feel strangely unstable.
The two-headed ogre hits you with a +0 giant club!!
The two-headed ogre hits you with a +0 giant spiked club.
The bullfrog closely misses you.
The white ugly thing claws you but does no damage.
The bullfrog attacks as you move away! The bullfrog barely misses you.
The two-headed ogre attacks as you move away!
The two-headed ogre closely misses you.
The two-headed ogre hits you with a +0 giant spiked club!
* * * LOW HITPOINT WARNING * * *
The white ugly thing claws you.
* * * LOW HITPOINT WARNING * * *
The white ugly thing freezes you!!
You die...

... ... ... ######## ... #......#
# ... #......# #++#!. ...
##......# #....#[######## ...
........##O.....##....... ...
.........F......'........
###+############@u......'........
................##.W....######...
...............^# #....#[#...#..#
.......†........# #''#..#...#..#
................####..####...#..#
..................#....#.....#..#
########+##.......#..###.....##'#
#.......#..............
#.......#..._..........


You could see a white ugly thing, a two-headed ogre, a shadow (invisible) and a
bullfrog.

Vanquished Creatures
  2 two-headed ogres
  An ugly thing (D:9)
  A wraith (D:9)
  6 yaks (D:8)
  3 steam dragons
  An acid dragon (D:6)
  2 water moccasins (D:6)
  3 ice beasts
  3 orc warriors
  3 ogres
  3 centaurs
  4 bullfrogs
  7 wights
  5 killer bees (D:8)
  A hound (D:5)
  4 jellies
  5 orc priests
  An iguana (D:6)
  Terence (D:3)
  Natasha (twice) (D:3)
  11 orc wizards
  3 gnolls (D:2)
  8 adders
  A worm (D:2)
  2 dart slugs
  43 orcs
  8 endoplasms
  3 giant cockroaches
  9 hobgoblins
  2 jackals (D:5)
  2 quokkas (D:2)
  8 ball pythons
  6 bats
  6 frilled lizards
  8 goblins
  8 kobolds
  7 rats
193 creatures vanquished.

Vanquished Creatures (others)
  14 fungi (D:5)
  5 plants (D:1)
19 creatures vanquished.

Grand Total: 212 creatures vanquished

Notes
Turn   | Place    | Note
-------+----------+-------------------------------------------
     0 | D:1      | holysushi the Troll Monk began the quest for the Orb.
     0 | D:1      | Reached XP level 1. HP: 22/22 MP: 0/0
   162 | D:1      | Found a faded altar of an unknown god.
   320 | D:1      | Reached XP level 2. HP: 29/29 MP: 1/1
   583 | D:1      | Reached skill level 4 in Unarmed Combat
   689 | D:2      | Reached XP level 3. HP: 36/36 MP: 2/2
   834 | D:2      | Reached skill level 1 in Armour
   834 | D:2      | Reached XP level 4. HP: 38/44 MP: 3/3
  1116 | D:3      | Noticed an ice beast
  1124 | D:3      | Killed an ice beast
  1125 | D:3      | Reached skill level 5 in Unarmed Combat
  1125 | D:3      | Reached XP level 5. HP: 41/50 MP: 4/4
  1352 | D:3      | Noticed Natasha
  1360 | D:3      | Killed Natasha
  1667 | D:3      | Noticed Terence
  1670 | D:3      | Killed Terence
  1674 | D:3      | Identified the +6 short sword of Nofyel {speed, +Blink rC+
                  | Int+3}
  1784 | D:3      | Noticed Natasha
  1791 | D:3      | Killed Natasha
  1792 | D:3      | Reached XP level 6. HP: 59/59 MP: 5/5
  2168 | D:4      | Found a shadowy altar of Dithmenos.
  2171 | D:4      | Found a white marble altar of Elyvilon.
  2271 | D:4      | Identified the +2 sling "Ybraop" {flame, rElec rPois}
  2293 | D:4      | Found a staircase to the Ecumenical Temple.
  2356 | Temple   | Entered the Ecumenical Temple
  2759 | D:5      | Entered Level 5 of the Dungeon
  2765 | D:5      | Reached skill level 6 in Unarmed Combat
  2775 | D:5      | Identified the +3 dagger of Dissatisfaction {speed, Fragile
                  | rElec rF- rN+++}
  3203 | D:5      | Found a transporter.
  3206 | D:5      | Noticed souper's ghost (novice DsHu)
  3236 | D:5      | Found a transporter.
  3270 | D:5      | Reached XP level 7. HP: 33/66 MP: 6/6
  3615 | D:5      | Noticed a steam dragon
  3645 | D:5      | Noticed a steam dragon
  3985 | D:5      | Gained mutation: You are weak. (Str -2) [potion of
                  | mutation]
  3985 | D:5      | Gained mutation: You have a pair of small horns on your
                  | head. [potion of mutation]
  3993 | D:5      | Killed a steam dragon
  3994 | D:5      | Reached skill level 7 in Unarmed Combat
  4192 | D:6      | Reached XP level 8. HP: 75/75 MP: 7/7
  4298 | D:6      | Reached skill level 8 in Unarmed Combat
  4507 | D:6      | Reached skill level 9 in Unarmed Combat
  4604 | D:6      | Noticed Maggie
  4614 | D:6      | Maggie changed into Maggie the acid dragon
  4614 | D:6      | Noticed Maggie
  4616 | D:6      | Killed Maggie the acid dragon
  5044 | D:7      | Reached skill level 10 in Unarmed Combat
  5138 | D:7      | Reached XP level 9. HP: 79/84 MP: 8/8
  5274 | D:7      | Lost mutation: You are weak. (Str -2) [potion of mutation]
  5274 | D:7      | Lost mutation: You have a pair of small horns on your head.
                  | [potion of mutation]
  5274 | D:7      | Gained mutation: You have hidden genetic potential. [potion
                  | of mutation]
  5303 | D:7      | You fall into a shaft and drop 2 floors!
  5374 | D:8      | Noticed a vault sentinel
  5374 | D:8      | Noticed a vault sentinel
  5424 | D:8      | Found Yfrer's Antique Armour Emporium.
  5432 | D:8      | Bought a translucent cloak for 294 gold pieces
  5432 | D:8      | Identified the +1 cloak of the Monkey {rC+ rN+ Dex-2} (You
                  | bought it in a shop on level 8 of the Dungeon)
  5441 | D:8      | Reached skill level 11 in Unarmed Combat
  5478 | D:8      | Reached skill level 12 in Unarmed Combat
  5531 | D:8      | Found Onim's Magic Scroll Shop.
  6037 | D:8      | Found a hide-covered altar of Uskayaw.
  6037 | D:8      | Found a hazy altar of Hepliaklqana.
  6038 | D:8      | Found a glowing silver altar of Zin.
  6197 | D:8      | Reached skill level 13 in Unarmed Combat
  6205 | D:8      | Reached XP level 10. HP: 65/85 MP: 9/9
  6235 | D:8      | Found Uredirucw's Assorted Antiques.
  6236 | D:8      | Noticed a two-headed ogre
  6254 | D:8      | Killed a two-headed ogre
  6264 | D:8      | Gained mutation: You have a somewhat thin skeletal
                  | structure. (Dex +2, Stealth+) [hidden potential]
  6410 | D:8      | Found Obrer's Book Shoppe.
  6477 | D:9      | Noticed a green ugly thing
  6486 | D:9      | Killed a green ugly thing
  6556 | D:9      | Found a stormy altar of Qazlal.
  6558 | D:9      | Found a snail-covered altar of Cheibriados.
  6668 | D:9      | Reached skill level 14 in Unarmed Combat
  6693 | D:9      | Noticed a two-headed ogre
  6698 | D:9      | Killed a two-headed ogre
  6893 | D:9      | Noticed a two-headed ogre
  6893 | D:9      | Noticed a white ugly thing
  6897 | D:9      | Demolished by a white ugly thing

Illustrated notes

Levels and vault maps discovered:
D:1:      minmay_arrival_up_and_down, layout_basic,
          hellmonk_ecumenical_altar_arch_garden, serial_bayou_lagoon_a,
          minmay_quantized
D:2:      layout_rooms, minmay_misc_feat_hallway
D:3:      layout_basic, serial_corexii_hall, chequers_hall_statues_y,
          chequers_hall_statues_wall_a, uniq_terence, uniq_natasha
D:4:      layout_loops_cross, mainiacjoe_overflow_catwalk_spiral,
          minmay_temple_entry_statues_pillars
D:5:      kennysheep_steamy, layout_rooms, gammafunk_ghost_mausoleum,
          serial_co_window_serial, co_window_paths_a, co_window_corner_a,
          co_window_corner_a, co_window_corner_a, co_window_of_opportunity_a,
          co_window_paths_a, co_window_paths_a, co_window_cross_1,
          co_window_corner_a, co_window_corner_b, co_window_unsneaky_path_e,
          co_window_unsneaky_path_b, co_window_of_opportunity_b,
          co_window_paths_e
D:6:      layout_basic, uniq_maggie
D:7:      layout_gridville
D:8:      layout_basic, grunt_temple_overflow_open, serial_shops, shop,
          shop_statue, kennysheep_mini_moat, shop_coins, shop,
          hellmonk_guarded_unrand_gong
D:9:      layout_irregular_city, chequers_temple_overflow_statue_of_worship,
          lightli_fourway_metalbox
Temple:   nicolae_temple_bog_church

Skill      XL: |  1  2  3  4  5  6  7  8  9 10 |
---------------+-------------------------------+-----
Unarmed Combat | 4 5 6 7 10 13 14 | 14.6
Armour         | 1 2 3 4 |  4.0
Dodging        | 3 |  3.0
Fighting       | 3 4 |  4.0
Stealth        | |  1.0

Action                     |  1- 3 |  4- 6 |  7- 9 | 10-12 || total
---------------------------+-------+-------+-------+-------++-------
  Melee: Unarmed           |    87 |   113 |   224 |    49 ||   473
         Punch             |     2 |     1 |       |       ||     3
         Headbutt          |       |       |    23 |       ||    23
  Evoke: Wand              |       |       |     1 |       ||     1
    Use: Potion            |       |       |    10 |       ||    10
         Scroll            |       |       |     2 |     4 ||     6
   Stab: Sleeping          |     3 |     4 |     2 |       ||     9
 Armour: Robe              |    21 |       |       |       ||    21
         Shadow dragon sca |    15 |    66 |   144 |    26 ||   251
  Dodge: Dodged            |    43 |    33 |    71 |    19 ||   166

Table legend: (Time is in decaauts)
 A = Elapsed time spent in this place.
 B = Non-inter-level travel time spent in this place.
 C = Inter-level travel time spent in this place.
 D = Time resting spent in this place.
 E = Time spent auto-exploring this place.
 F = Levels seen in this place.
 G = Mean time per level.
                   A        B        C        D        E       F      G
               +--------+--------+--------+--------+--------+-----+--------+
         Total |   6821 |   6435 |    386 |    555 |   4355 |  10 |  682.1 |
       Dungeon |   6633 |   6259 |    374 |    555 |   4200 |   9 |  737.0 |
        Temple |    187 |    175 |     12 |      0 |    155 |   1 |  187.0 |
               +--------+--------+--------+--------+--------+-----+--------+

Top non-repeatable levels by time:
     D:5: 1396 daAuts
     D:3: 939 daAuts
     D:7: 877 daAuts
     D:6: 773 daAuts
     D:1: 676 daAuts
     D:4: 610 daAuts
     D:8: 552 daAuts
     D:9: 452 daAuts
     D:2: 355 daAuts
  Temple: 187 daAuts
